2897 views
Uploaded 2019-12-01 20:56:27
Game version 1.32.0.3 / 1.32.0.3.1
35:43 long 4on4 ladder game on (8)MarketSquare
Saved by BEARAND
2897 views
Uploaded 2019-12-01 20:56:27
Game version 1.32.0.3 / 1.32.0.3.1
35:43 long 4on4 ladder game on (8)MarketSquare


87 units @ 6.1k
/ 0.1k
362 buildings @ 17.1k
/ 9.1k

| Potion of Healing | 3 | 450 |
| Orb of Venom | 1 | 325 |
| Potion of Mana | 1 | 200 |
| Staff of Teleportation | 1 | 150 |
| Periapt of Vitality | 1 | 325 |
| total: | 7 | 1450g |
| Wisp | 43 | 2580 | / | 0 |
| total: | 43 | 2580g | / | 0w |
| Altar of Elders | 1 | 180 | / | 50 |
| Moon Well | 9 | 1620 | / | 360 |
| Ancient of War | 1 | 150 | / | 60 |
| Tree of Life | 4 | 1360 | / | 740 |
| Hunter's Hall | 1 | 210 | / | 100 |
| Ancient of Wonders | 3 | 270 | / | 90 |
| Tree of Ages | 1 | 320 | / | 180 |
| Tree of Eternity | 2 | 660 | / | 400 |
| total: | 19 | 3790g | / | 1400w |
| 0:03 | Wisp |
| 0:06 | Altar of Elders |
| 0:09 | Wisp |
| 0:21 | Moon Well |
| 0:23 | Wisp |
| 0:34 | Wisp |
| 0:46 | Wisp |
| 1:00 | Wisp |
| 1:14 | Wisp |
| 1:18 | Moon Well |
| 1:29 | Wisp |
| 1:38 | Wisp |
| 1:58 | Wisp |
| 2:12 | Shadow Strike |
| 2:16 | Ancient of War |
| 3:10 | Tree of Life |
| 3:41 | Wisp |
| 3:41 | Wisp |
| 4:04 | Wisp |
| 4:04 | Wisp |
| 4:38 | Tree of Life |
| 5:15 | Wisp |
| 5:15 | Wisp |
| 6:09 | Wisp |
| 6:09 | Wisp |
| 6:30 | Blink |
| 6:35 | Wisp |
| 6:35 | Wisp |
| 6:43 | Wisp |
| 6:43 | Wisp |
| 6:43 | Wisp |
| 6:43 | Wisp |
| 6:44 | Wisp |
| 6:45 | Wisp |
| 6:45 | Wisp |
| 6:46 | Wisp |
| 6:46 | Wisp |
| 6:46 | Wisp |
| 7:29 | Wisp |
| 8:00 | Wisp |
| 8:09 | Wisp |
| 8:13 | Tree of Life |
| 9:22 | Hunter's Hall |
| 9:24 | Wisp |
| 9:24 | Wisp |
| 9:26 | Wisp |
| 9:26 | Wisp |
| 9:29 | Wisp |
| 9:29 | Wisp |
| 9:53 | Tree of Life |
| 10:09 | Tree of Ages |
| 10:11 | Wisp |
| 10:35 | Staff of Teleportation |
| 12:20 | Shadow Strike |
| 12:53 | Tree of Eternity |
| 14:12 | Ultravision |
| 14:21 | Wisp |
| 14:52 | Ancient of Wonders |
| 14:54 | Ancient of Wonders |
| 16:07 | Ancient of Wonders |
| 16:41 | Well Spring |
| 17:56 | Blink |
| 19:04 | Potion of Healing |
| 19:21 | Orb of Venom |
| 19:55 | Potion of Healing |
| 20:00 | Potion of Mana |
| 20:18 | Wisp |
| 20:18 | Wisp |
| 22:06 | Moon Well |
| 22:08 | Moon Well |
| 22:10 | Moon Well |
| 22:11 | Moon Well |
| 22:49 | Shadow Strike |
| 23:21 | Potion of Healing |
| 23:36 | Moon Well |
| 27:08 | Blink |
| 29:15 | Moon Well |
| 29:16 | Moon Well |
| 30:19 | Periapt of Vitality |
| 34:51 | Spirit of Vengeance |
| Right click | 2123 |
| Assign group | 1103 |
| Select group | 636 |
| Resource trade | 268 |
| Select | 259 |
| Use ability | 123 |
| Build/train/purchase | 93 |
| Minimap ping | 22 |
| Chat | 11 |
| Item give/drop | 4 |



x1)
| Orb of Fire | 1 | 325 |
| Staff of Sanctuary | 3 | 750 |
| Scroll of Town Portal | 1 | 350 |
| Boots of Speed | 3 | 750 |
| Staff of Teleportation | 2 | 300 |
| Circlet of Nobility | 1 | 175 |
| Periapt of Vitality | 1 | 325 |
| Tome of Retraining | 1 | 300 |
| Orb of Venom | 2 | 650 |
| total: | 15 | 3925g |
| Peasant | 14 | 1050 | / | 0 |
| Priest | 1 | 135 | / | 10 |
| total: | 15 | 1185g | / | 10w |
| Scout Tower | 60 | 1800 | / | 1200 |
| Arcane Tower | 14 | 980 | / | 700 |
| Guard Tower | 24 | 1680 | / | 1200 |
| Altar of Kings | 1 | 180 | / | 50 |
| Lumber Mill | 1 | 120 | / | 0 |
| Farm | 4 | 320 | / | 80 |
| Arcane Vault | 2 | 260 | / | 60 |
| Arcane Sanctum | 2 | 300 | / | 280 |
| Keep | 1 | 320 | / | 210 |
| Castle | 1 | 360 | / | 210 |
| total: | 70 | 2980g | / | 1670w |
| 0:02 | Peasant |
| 0:16 | Peasant |
| 0:18 | Altar of Kings |
| 0:20 | Peasant |
| 0:26 | Lumber Mill |
| 0:33 | Farm |
| 0:34 | Peasant |
| 0:47 | Peasant |
| 1:04 | Peasant |
| 1:07 | Farm |
| 1:23 | Peasant |
| 1:35 | Scout Tower |
| 1:36 | Scout Tower |
| 1:43 | Peasant |
| 1:46 | Improved Masonry |
| 1:48 | Arcane Vault |
| 1:58 | Peasant |
| 2:00 | Scout Tower |
| 2:05 | Peasant |
| 2:11 | Arcane Tower |
| 2:14 | Peasant |
| 2:18 | Summon Water Elemental |
| 2:24 | Arcane Tower |
| 2:25 | Peasant |
| 2:39 | Guard Tower |
| 2:40 | Scout Tower |
| 2:44 | Peasant |
| 3:04 | Peasant |
| 3:07 | Scout Tower |
| 3:08 | Guard Tower |
| 3:36 | Scout Tower |
| 3:37 | Scout Tower |
| 3:38 | Guard Tower |
| 3:42 | Keep |
| 4:10 | Farm |
| 4:13 | Guard Tower |
| 4:25 | Boots of Speed |
| 4:26 | Staff of Teleportation |
| 4:34 | Guard Tower |
| 4:34 | Scout Tower |
| 5:12 | Scout Tower |
| 5:13 | Scout Tower |
| 5:14 | Guard Tower |
| 5:23 | Brilliance Aura |
| 5:41 | Scout Tower |
| 6:22 | Arcane Sanctum |
| 6:25 | Arcane Sanctum |
| 6:40 | Castle |
| 6:42 | Advanced Masonry |
| 6:47 | Scout Tower |
| 6:48 | Guard Tower |
| 7:01 | Storm Bolt |
| 7:16 | Farm |
| 7:23 | Boots of Speed |
| 8:06 | Improved Lumber Harvesting |
| 9:14 | Magic Sentry |
| 9:14 | Guard Tower |
| 9:15 | Guard Tower |
| 9:15 | Guard Tower |
| 9:50 | Imbued Masonry |
| 9:50 | Advanced Lumber Harvesting |
| 9:53 | Scout Tower |
| 9:54 | Scout Tower |
| 9:54 | Scout Tower |
| 10:24 | Arcane Vault |
| 10:30 | Guard Tower |
| 11:34 | Summon Water Elemental |
| 11:53 | Holy Light |
| 12:00 | Arcane Tower |
| 12:01 | Arcane Tower |
| 12:16 | Orb of Fire |
| 12:17 | Staff of Sanctuary |
| 12:25 | Scout Tower |
| 12:42 | Boots of Speed |
| 12:47 | Staff of Teleportation |
| 13:15 | Arcane Tower |
| 13:26 | Scout Tower |
| 13:28 | Scout Tower |
| 13:28 | Scout Tower |
| 13:45 | Staff of Sanctuary |
| 13:46 | Scroll of Town Portal |
| 14:00 | Guard Tower |
| 14:12 | Bash |
| 14:24 | Guard Tower |
| 15:15 | Guard Tower |
| 15:18 | Scout Tower |
| 15:18 | Scout Tower |
| 15:19 | Scout Tower |
| 15:20 | Scout Tower |
| 16:56 | Arcane Tower |
| 16:56 | Guard Tower |
| 16:57 | Guard Tower |
| 17:24 | Guard Tower |
| 17:29 | Scout Tower |
| 17:30 | Scout Tower |
| 17:31 | Scout Tower |
| 17:34 | Scout Tower |
| 17:37 | Scout Tower |
| 18:01 | Divine Shield |
| 18:31 | Staff of Sanctuary |
| 19:14 | Scout Tower |
| 19:15 | Scout Tower |
| 19:19 | Arcane Tower |
| 19:19 | Guard Tower |
| 19:25 | Circlet of Nobility |
| 19:33 | Periapt of Vitality |
| 19:34 | Tome of Retraining |
| 19:34 | Retrain Hero |
| 19:40 | Blizzard |
| 19:41 | Blizzard |
| 19:42 | Brilliance Aura |
| 20:11 | Guard Tower |
| 20:13 | Scout Tower |
| 20:49 | Arcane Tower |
| 21:07 | Orb of Venom |
| 21:09 | Priest Adept Training |
| 21:10 | Priest |
| 21:41 | Scout Tower |
| 21:42 | Scout Tower |
| 21:43 | Scout Tower |
| 21:43 | Scout Tower |
| 21:43 | Scout Tower |
| 21:44 | Scout Tower |
| 21:46 | Scout Tower |
| 21:47 | Scout Tower |
| 21:47 | Scout Tower |
| 21:47 | Scout Tower |
| 21:48 | Scout Tower |
| 22:38 | Storm Bolt |
| 23:18 | Holy Light |
| 23:33 | Brilliance Aura |
| 24:18 | Arcane Tower |
| 24:18 | Guard Tower |
| 24:22 | Scout Tower |
| 24:23 | Scout Tower |
| 25:05 | Orb of Venom |
| 25:19 | Guard Tower |
| 25:20 | Scout Tower |
| 25:21 | Scout Tower |
| 26:18 | Arcane Tower |
| 26:21 | Scout Tower |
| 26:22 | Guard Tower |
| 26:54 | Guard Tower |
| 27:15 | Scout Tower |
| 27:15 | Scout Tower |
| 27:16 | Scout Tower |
| 27:16 | Scout Tower |
| 27:17 | Scout Tower |
| 27:17 | Scout Tower |
| 27:18 | Scout Tower |
| 27:18 | Scout Tower |
| 29:10 | Arcane Tower |
| 30:22 | Arcane Tower |
| 30:47 | Scout Tower |
| 30:48 | Scout Tower |
| 30:49 | Scout Tower |
| 30:50 | Scout Tower |
| 31:06 | Bash |
| 31:15 | Arcane Tower |
| 31:16 | Scout Tower |
| 32:18 | Divine Shield |
| 32:26 | Arcane Tower |
| 35:38 | Blizzard |
| Right click | 1936 |
| Select group | 1186 |
| Select | 469 |
| Assign group | 385 |
| Chat | 160 |
| Use ability | 140 |
| Build/train/purchase | 137 |
| Misc. action | 58 |
| Item give/drop | 5 |
| Resource trade | 5 |
| Minimap ping | 1 |



x1)
| Staff of Sanctuary | 3 | 750 |
| Orb of Fire | 1 | 325 |
| Scroll of Town Portal | 1 | 350 |
| Staff of Teleportation | 3 | 450 |
| Boots of Speed | 3 | 750 |
| Tome of Retraining | 1 | 300 |
| total: | 12 | 2925g |
| Peasant | 12 | 900 | / | 0 |
| Priest | 1 | 135 | / | 10 |
| Sorceress | 1 | 155 | / | 20 |
| total: | 14 | 1190g | / | 30w |
| Scout Tower | 185 | 5550 | / | 3700 |
| Arcane Tower | 15 | 1050 | / | 750 |
| Guard Tower | 67 | 4690 | / | 3350 |
| Altar of Kings | 1 | 180 | / | 50 |
| Farm | 5 | 400 | / | 100 |
| Lumber Mill | 1 | 120 | / | 0 |
| Arcane Vault | 2 | 260 | / | 60 |
| Arcane Sanctum | 2 | 300 | / | 280 |
| Keep | 2 | 640 | / | 420 |
| Castle | 1 | 360 | / | 210 |
| total: | 196 | 6810g | / | 4190w |
| 0:03 | Peasant |
| 0:03 | Peasant |
| 0:09 | Altar of Kings |
| 0:19 | Farm |
| 0:27 | Peasant |
| 0:34 | Lumber Mill |
| 0:39 | Peasant |
| 0:47 | Farm |
| 0:51 | Peasant |
| 0:55 | Peasant |
| 1:05 | Peasant |
| 1:12 | Scout Tower |
| 1:23 | Scout Tower |
| 1:25 | Peasant |
| 1:30 | Scout Tower |
| 1:43 | Peasant |
| 1:48 | Scout Tower |
| 1:52 | Scout Tower |
| 1:55 | Peasant |
| 1:56 | Arcane Tower |
| 1:57 | Scout Tower |
| 2:10 | Scout Tower |
| 2:11 | Summon Water Elemental |
| 2:15 | Scout Tower |
| 2:17 | Scout Tower |
| 2:20 | Arcane Tower |
| 2:33 | Peasant |
| 2:34 | Peasant |
| 2:41 | Guard Tower |
| 2:42 | Scout Tower |
| 2:43 | Scout Tower |
| 2:45 | Guard Tower |
| 2:46 | Guard Tower |
| 3:08 | Scout Tower |
| 3:10 | Scout Tower |
| 3:11 | Guard Tower |
| 3:12 | Guard Tower |
| 3:42 | Keep |
| 3:53 | Farm |
| 3:53 | Farm |
| 4:06 | Guard Tower |
| 4:06 | Guard Tower |
| 4:15 | Staff of Teleportation |
| 4:19 | Guard Tower |
| 4:41 | Boots of Speed |
| 4:47 | Scout Tower |
| 4:50 | Scout Tower |
| 5:17 | Scout Tower |
| 5:20 | Scout Tower |
| 5:21 | Scout Tower |
| 5:22 | Scout Tower |
| 5:22 | Scout Tower |
| 5:23 | Scout Tower |
| 5:23 | Scout Tower |
| 5:24 | Brilliance Aura |
| 5:55 | Guard Tower |
| 6:03 | Guard Tower |
| 6:14 | Scout Tower |
| 6:15 | Scout Tower |
| 6:15 | Scout Tower |
| 6:16 | Scout Tower |
| 6:16 | Scout Tower |
| 6:17 | Scout Tower |
| 6:18 | Scout Tower |
| 6:19 | Scout Tower |
| 6:19 | Scout Tower |
| 6:25 | Guard Tower |
| 6:28 | Arcane Sanctum |
| 6:34 | Arcane Sanctum |
| 6:36 | Castle |
| 6:39 | Scout Tower |
| 6:40 | Scout Tower |
| 6:40 | Scout Tower |
| 6:41 | Scout Tower |
| 6:41 | Scout Tower |
| 6:42 | Scout Tower |
| 6:44 | Guard Tower |
| 6:46 | Improved Masonry |
| 6:47 | Advanced Masonry |
| 6:52 | Farm |
| 6:59 | Guard Tower |
| 7:05 | Scout Tower |
| 7:05 | Scout Tower |
| 7:11 | Storm Bolt |
| 7:29 | Boots of Speed |
| 7:29 | Staff of Teleportation |
| 7:47 | Guard Tower |
| 7:47 | Scout Tower |
| 7:48 | Scout Tower |
| 7:49 | Scout Tower |
| 7:49 | Scout Tower |
| 7:51 | Scout Tower |
| 7:51 | Scout Tower |
| 7:51 | Scout Tower |
| 7:52 | Scout Tower |
| 7:53 | Scout Tower |
| 7:53 | Scout Tower |
| 7:54 | Scout Tower |
| 7:57 | Scout Tower |
| 7:57 | Scout Tower |
| 7:57 | Scout Tower |
| 7:58 | Scout Tower |
| 8:42 | Guard Tower |
| 9:00 | Guard Tower |
| 9:00 | Arcane Tower |
| 9:02 | Imbued Masonry |
| 9:15 | Guard Tower |
| 9:16 | Guard Tower |
| 9:18 | Guard Tower |
| 9:19 | Scout Tower |
| 9:19 | Scout Tower |
| 9:20 | Scout Tower |
| 9:20 | Scout Tower |
| 9:21 | Scout Tower |
| 9:21 | Scout Tower |
| 9:22 | Scout Tower |
| 9:23 | Scout Tower |
| 9:32 | Guard Tower |
| 9:34 | Scout Tower |
| 9:34 | Scout Tower |
| 9:35 | Scout Tower |
| 9:35 | Scout Tower |
| 9:36 | Scout Tower |
| 9:36 | Scout Tower |
| 9:37 | Scout Tower |
| 9:37 | Scout Tower |
| 9:50 | Scout Tower |
| 9:59 | Arcane Vault |
| 10:00 | Arcane Vault |
| 10:03 | Holy Light |
| 10:10 | Guard Tower |
| 10:12 | Guard Tower |
| 10:13 | Magic Sentry |
| 10:13 | Priest |
| 10:18 | Sorceress Adept Training |
| 10:19 | Guard Tower |
| 10:22 | Guard Tower |
| 10:36 | Summon Water Elemental |
| 10:39 | Scout Tower |
| 10:40 | Scout Tower |
| 10:43 | Scout Tower |
| 10:43 | Scout Tower |
| 10:44 | Scout Tower |
| 10:45 | Scout Tower |
| 10:45 | Scout Tower |
| 10:46 | Scout Tower |
| 10:49 | Guard Tower |
| 10:51 | Guard Tower |
| 10:51 | Scout Tower |
| 10:52 | Scout Tower |
| 10:53 | Scout Tower |
| 10:53 | Scout Tower |
| 10:54 | Scout Tower |
| 10:54 | Scout Tower |
| 10:54 | Scout Tower |
| 10:55 | Scout Tower |
| 10:56 | Scout Tower |
| 10:56 | Scout Tower |
| 10:57 | Scout Tower |
| 10:57 | Scout Tower |
| 11:45 | Staff of Sanctuary |
| 11:56 | Guard Tower |
| 12:03 | Scout Tower |
| 12:04 | Scout Tower |
| 12:05 | Boots of Speed |
| 12:14 | Scout Tower |
| 12:14 | Scout Tower |
| 12:15 | Scout Tower |
| 12:15 | Scout Tower |
| 12:15 | Scout Tower |
| 12:22 | Staff of Sanctuary |
| 12:25 | Orb of Fire |
| 12:27 | Guard Tower |
| 12:34 | Scroll of Town Portal |
| 12:39 | Guard Tower |
| 12:44 | Arcane Tower |
| 12:44 | Guard Tower |
| 13:09 | Staff of Teleportation |
| 13:27 | Guard Tower |
| 13:36 | Guard Tower |
| 13:37 | Scout Tower |
| 13:38 | Scout Tower |
| 13:38 | Scout Tower |
| 13:39 | Scout Tower |
| 13:39 | Scout Tower |
| 13:39 | Scout Tower |
| 13:40 | Scout Tower |
| 13:40 | Scout Tower |
| 14:01 | Guard Tower |
| 14:02 | Guard Tower |
| 14:06 | Guard Tower |
| 14:12 | Scout Tower |
| 14:12 | Scout Tower |
| 14:13 | Scout Tower |
| 14:13 | Scout Tower |
| 14:15 | Scout Tower |
| 14:17 | Scout Tower |
| 14:18 | Scout Tower |
| 14:18 | Scout Tower |
| 14:19 | Scout Tower |
| 14:20 | Scout Tower |
| 14:20 | Scout Tower |
| 14:21 | Scout Tower |
| 14:21 | Scout Tower |
| 14:30 | Guard Tower |
| 14:31 | Arcane Tower |
| 14:33 | Arcane Tower |
| 14:33 | Guard Tower |
| 14:34 | Guard Tower |
| 14:37 | Bash |
| 14:46 | Arcane Tower |
| 15:18 | Arcane Tower |
| 15:18 | Guard Tower |
| 15:20 | Arcane Tower |
| 15:42 | Guard Tower |
| 15:42 | Guard Tower |
| 15:43 | Scout Tower |
| 15:44 | Scout Tower |
| 15:44 | Scout Tower |
| 15:45 | Scout Tower |
| 15:45 | Scout Tower |
| 15:46 | Scout Tower |
| 15:46 | Scout Tower |
| 15:47 | Scout Tower |
| 15:49 | Scout Tower |
| 15:50 | Scout Tower |
| 15:50 | Scout Tower |
| 15:50 | Scout Tower |
| 15:51 | Scout Tower |
| 15:51 | Scout Tower |
| 15:52 | Scout Tower |
| 15:52 | Scout Tower |
| 16:04 | Guard Tower |
| 16:07 | Scout Tower |
| 16:07 | Scout Tower |
| 16:08 | Scout Tower |
| 16:08 | Scout Tower |
| 16:08 | Scout Tower |
| 16:09 | Scout Tower |
| 17:05 | Divine Shield |
| 17:12 | Guard Tower |
| 17:34 | Guard Tower |
| 17:37 | Scout Tower |
| 17:38 | Scout Tower |
| 17:38 | Scout Tower |
| 17:39 | Scout Tower |
| 17:39 | Scout Tower |
| 17:40 | Scout Tower |
| 17:40 | Scout Tower |
| 17:40 | Scout Tower |
| 17:42 | Guard Tower |
| 17:44 | Scout Tower |
| 17:45 | Scout Tower |
| 17:46 | Scout Tower |
| 17:46 | Scout Tower |
| 17:47 | Scout Tower |
| 17:47 | Scout Tower |
| 17:48 | Scout Tower |
| 17:48 | Scout Tower |
| 17:59 | Guard Tower |
| 18:32 | Guard Tower |
| 19:02 | Guard Tower |
| 19:24 | Guard Tower |
| 19:27 | Tome of Retraining |
| 19:27 | Retrain Hero |
| 19:32 | Blizzard |
| 19:32 | Brilliance Aura |
| 19:32 | Blizzard |
| 19:52 | Guard Tower |
| 19:58 | Arcane Tower |
| 19:58 | Arcane Tower |
| 19:59 | Guard Tower |
| 20:07 | Staff of Sanctuary |
| 20:18 | Arcane Tower |
| 20:21 | Arcane Tower |
| 20:22 | Guard Tower |
| 21:13 | Brilliance Aura |
| 21:14 | Guard Tower |
| 21:20 | Guard Tower |
| 21:21 | Scout Tower |
| 21:21 | Scout Tower |
| 21:23 | Scout Tower |
| 21:23 | Scout Tower |
| 21:23 | Scout Tower |
| 21:31 | Storm Bolt |
| 22:00 | Holy Light |
| 22:00 | Holy Light |
| 22:05 | Guard Tower |
| 22:22 | Sorceress |
| 22:25 | Guard Tower |
| 22:27 | Scout Tower |
| 22:27 | Scout Tower |
| 22:28 | Scout Tower |
| 22:28 | Scout Tower |
| 22:29 | Scout Tower |
| 22:29 | Scout Tower |
| 22:29 | Scout Tower |
| 23:54 | Guard Tower |
| 24:21 | Guard Tower |
| 24:27 | Scout Tower |
| 24:27 | Scout Tower |
| 24:28 | Scout Tower |
| 24:29 | Scout Tower |
| 24:30 | Scout Tower |
| 24:30 | Scout Tower |
| 25:16 | Guard Tower |
| 25:47 | Scout Tower |
| 25:49 | Scout Tower |
| 26:49 | Divine Shield |
| 26:55 | Bash |
| 27:22 | Guard Tower |
| 27:24 | Arcane Tower |
| 30:25 | Scout Tower |
| 30:26 | Scout Tower |
| 30:26 | Scout Tower |
| 30:27 | Scout Tower |
| 30:27 | Scout Tower |
| 30:28 | Scout Tower |
| 30:28 | Scout Tower |
| 30:29 | Scout Tower |
| 31:20 | Guard Tower |
| 31:57 | Brilliance Aura |
| 35:28 | Storm Bolt |
| 35:29 | Holy Light |
| Right click | 2382 |
| Select | 734 |
| Select group | 565 |
| Build/train/purchase | 217 |
| Chat | 159 |
| Use ability | 133 |
| Assign group | 30 |
| Minimap ping | 26 |
| Item give/drop | 10 |
| Misc. action | 9 |



x1)
| Staff of Sanctuary | 3 | 750 |
| Orb of Fire | 2 | 650 |
| Staff of Teleportation | 4 | 600 |
| Boots of Speed | 4 | 1000 |
| Periapt of Vitality | 3 | 975 |
| Tome of Retraining | 1 | 300 |
| total: | 17 | 4275g |
| Peasant | 14 | 1050 | / | 0 |
| Priest | 1 | 135 | / | 10 |
| total: | 15 | 1185g | / | 10w |
| Scout Tower | 66 | 1980 | / | 1320 |
| Arcane Tower | 7 | 490 | / | 350 |
| Guard Tower | 22 | 1540 | / | 1100 |
| Altar of Kings | 1 | 180 | / | 50 |
| Farm | 4 | 320 | / | 80 |
| Lumber Mill | 1 | 120 | / | 0 |
| Arcane Vault | 3 | 390 | / | 90 |
| Town Hall | 1 | 385 | / | 205 |
| Arcane Sanctum | 1 | 150 | / | 140 |
| Keep | 1 | 320 | / | 210 |
| Castle | 1 | 360 | / | 210 |
| total: | 77 | 3525g | / | 1885w |
| 0:03 | Peasant |
| 0:03 | Peasant |
| 0:03 | Peasant |
| 0:08 | Altar of Kings |
| 0:11 | Farm |
| 0:15 | Peasant |
| 0:29 | Peasant |
| 0:39 | Peasant |
| 0:45 | Peasant |
| 0:56 | Scout Tower |
| 0:58 | Farm |
| 1:06 | Lumber Mill |
| 1:16 | Peasant |
| 1:22 | Arcane Tower |
| 1:28 | Peasant |
| 1:35 | Scout Tower |
| 1:43 | Peasant |
| 1:54 | Peasant |
| 2:07 | Guard Tower |
| 2:08 | Guard Tower |
| 2:09 | Summon Water Elemental |
| 3:12 | Peasant |
| 3:12 | Peasant |
| 3:13 | Peasant |
| 3:21 | Scout Tower |
| 3:59 | Keep |
| 4:00 | Guard Tower |
| 4:06 | Farm |
| 4:07 | Farm |
| 4:10 | Scout Tower |
| 4:22 | Improved Masonry |
| 4:31 | Staff of Teleportation |
| 4:31 | Boots of Speed |
| 4:35 | Periapt of Vitality |
| 4:43 | Guard Tower |
| 4:45 | Scout Tower |
| 5:12 | Guard Tower |
| 5:15 | Scout Tower |
| 5:15 | Scout Tower |
| 5:23 | Brilliance Aura |
| 5:45 | Guard Tower |
| 5:47 | Scout Tower |
| 5:48 | Scout Tower |
| 6:20 | Castle |
| 6:40 | Arcane Sanctum |
| 6:43 | Guard Tower |
| 7:17 | Storm Bolt |
| 7:26 | Staff of Teleportation |
| 7:26 | Boots of Speed |
| 7:55 | Staff of Teleportation |
| 7:55 | Boots of Speed |
| 8:20 | Arcane Vault |
| 8:21 | Arcane Vault |
| 8:22 | Arcane Vault |
| 9:17 | Magic Sentry |
| 9:20 | Scout Tower |
| 9:21 | Scout Tower |
| 9:25 | Scout Tower |
| 9:26 | Scout Tower |
| 9:26 | Scout Tower |
| 9:27 | Scout Tower |
| 9:28 | Scout Tower |
| 9:28 | Scout Tower |
| 9:51 | Arcane Tower |
| 10:12 | Holy Light |
| 10:13 | Staff of Sanctuary |
| 10:14 | Staff of Sanctuary |
| 10:15 | Staff of Sanctuary |
| 10:16 | Orb of Fire |
| 10:20 | Orb of Fire |
| 10:45 | Staff of Teleportation |
| 11:05 | Bash |
| 11:14 | Summon Water Elemental |
| 11:43 | Arcane Tower |
| 11:45 | Advanced Masonry |
| 13:06 | Divine Shield |
| 13:34 | Scout Tower |
| 13:34 | Scout Tower |
| 13:35 | Scout Tower |
| 14:00 | Priest |
| 14:00 | Priest Adept Training |
| 14:01 | Imbued Masonry |
| 14:09 | Storm Bolt |
| 14:13 | Arcane Tower |
| 15:29 | Priest Master Training |
| 15:32 | Scout Tower |
| 15:33 | Scout Tower |
| 15:34 | Scout Tower |
| 15:35 | Scout Tower |
| 15:37 | Scout Tower |
| 15:39 | Scout Tower |
| 15:40 | Scout Tower |
| 15:41 | Scout Tower |
| 15:42 | Scout Tower |
| 15:42 | Scout Tower |
| 15:56 | Brilliance Aura |
| 16:12 | Guard Tower |
| 16:37 | Holy Light |
| 16:50 | Guard Tower |
| 17:09 | Boots of Speed |
| 17:13 | Periapt of Vitality |
| 17:22 | Tome of Retraining |
| 17:22 | Retrain Hero |
| 17:24 | Brilliance Aura |
| 17:24 | Brilliance Aura |
| 17:24 | Blizzard |
| 17:24 | Blizzard |
| 18:16 | Guard Tower |
| 18:20 | Scout Tower |
| 18:21 | Scout Tower |
| 18:22 | Scout Tower |
| 18:22 | Scout Tower |
| 18:23 | Scout Tower |
| 18:27 | Scout Tower |
| 18:28 | Scout Tower |
| 18:29 | Scout Tower |
| 18:30 | Scout Tower |
| 18:57 | Arcane Tower |
| 20:38 | Bash |
| 21:28 | Guard Tower |
| 22:21 | Periapt of Vitality |
| 23:13 | Town Hall |
| 23:23 | Scout Tower |
| 23:24 | Scout Tower |
| 23:25 | Scout Tower |
| 23:25 | Scout Tower |
| 23:26 | Scout Tower |
| 23:26 | Scout Tower |
| 23:27 | Scout Tower |
| 23:27 | Scout Tower |
| 23:29 | Scout Tower |
| 23:30 | Scout Tower |
| 23:32 | Scout Tower |
| 23:32 | Scout Tower |
| 23:32 | Scout Tower |
| 23:33 | Scout Tower |
| 24:46 | Guard Tower |
| 25:08 | Guard Tower |
| 25:33 | Arcane Tower |
| 25:34 | Guard Tower |
| 26:13 | Devotion Aura |
| 26:24 | Brilliance Aura |
| 26:29 | Guard Tower |
| 26:57 | Guard Tower |
| 27:15 | Scout Tower |
| 27:17 | Scout Tower |
| 27:19 | Scout Tower |
| 27:19 | Scout Tower |
| 27:21 | Scout Tower |
| 27:21 | Scout Tower |
| 27:22 | Scout Tower |
| 27:22 | Scout Tower |
| 27:23 | Scout Tower |
| 27:29 | Guard Tower |
| 27:32 | Scout Tower |
| 27:32 | Scout Tower |
| 27:33 | Scout Tower |
| 27:34 | Scout Tower |
| 29:10 | Guard Tower |
| 32:01 | Storm Bolt |
| 32:52 | Guard Tower |
| 35:05 | Holy Light |
| 35:20 | Blizzard |
| Right click | 2050 |
| Select group | 1637 |
| Select | 292 |
| Use ability | 206 |
| Build/train/purchase | 138 |
| Misc. action | 126 |
| Minimap ping | 44 |
| Chat | 34 |
| Item give/drop | 11 |
| Assign group | 10 |
193 units @ 36.6k
/ 7.2k
88 buildings @ 11.8k
/ 5.2k

| Potion of Mana | 1 | 200 |
| Potion of Healing | 1 | 150 |
| total: | 2 | 350g |
| Acolyte | 6 | 450 | / | 0 |
| Crypt Fiend | 8 | 1720 | / | 320 |
| Ghoul | 5 | 600 | / | 0 |
| Obsidian Statue | 1 | 200 | / | 35 |
| Abomination | 4 | 960 | / | 280 |
| Frost Wyrm | 5 | 1925 | / | 600 |
| Meat Wagon | 3 | 690 | / | 150 |
| total: | 32 | 6545g | / | 1385w |
| Nerubian Tower | 2 | 200 | / | 40 |
| Spirit Tower | 3 | 435 | / | 120 |
| Graveyard | 1 | 215 | / | 0 |
| Altar of Darkness | 1 | 180 | / | 50 |
| Ziggurat | 7 | 1050 | / | 350 |
| Crypt | 1 | 200 | / | 50 |
| Tomb of Relics | 1 | 130 | / | 30 |
| Sacrificial Pit | 1 | 75 | / | 150 |
| Slaughterhouse | 1 | 140 | / | 135 |
| Temple of the Damned | 1 | 155 | / | 140 |
| Boneyard | 1 | 175 | / | 200 |
| Halls of the Dead | 1 | 320 | / | 210 |
| Black Citadel | 1 | 325 | / | 230 |
| total: | 15 | 2320g | / | 1105w |
| 0:07 | Graveyard |
| 0:12 | Altar of Darkness |
| 0:17 | Ziggurat |
| 0:30 | Acolyte |
| 0:46 | Acolyte |
| 1:19 | Crypt |
| 1:33 | Creature Attack |
| 1:54 | Ziggurat |
| 2:21 | Crypt Fiend |
| 2:23 | Ghoul |
| 2:24 | Ghoul |
| 2:29 | Frost Nova |
| 2:48 | Crypt Fiend |
| 3:22 | Crypt Fiend |
| 3:23 | Crypt Fiend |
| 3:27 | Ziggurat |
| 4:00 | Ghoul |
| 4:03 | Cannibalize |
| 4:24 | Nerubian Tower |
| 4:27 | Acolyte |
| 4:32 | Acolyte |
| 4:35 | Spirit Tower |
| 5:02 | Tomb of Relics |
| 5:21 | Halls of the Dead |
| 6:00 | Dark Ritual |
| 6:20 | Crypt Fiend |
| 6:21 | Crypt Fiend |
| 6:28 | Ziggurat |
| 7:43 | Sacrificial Pit |
| 7:45 | Ziggurat |
| 7:49 | Slaughterhouse |
| 7:54 | Creature Carapace |
| 7:57 | Crypt Fiend |
| 7:57 | Crypt Fiend |
| 9:18 | Spirit Tower |
| 9:32 | Unholy Armor |
| 9:36 | Acolyte |
| 9:41 | Obsidian Statue |
| 9:49 | Ghoul |
| 9:49 | Ghoul |
| 10:02 | Black Citadel |
| 10:42 | Spirit Tower |
| 12:15 | Potion of Mana |
| 12:15 | Potion of Healing |
| 12:42 | Boneyard |
| 12:46 | Improved Creature Attack |
| 13:37 | Abomination |
| 14:03 | Frost Nova |
| 14:05 | Frost Wyrm |
| 14:06 | Frost Wyrm |
| 14:10 | Improved Creature Carapace |
| 16:30 | Freezing Breath |
| 16:30 | Frost Wyrm |
| 17:07 | Dark Ritual |
| 17:33 | Ziggurat |
| 17:33 | Ziggurat |
| 19:03 | Meat Wagon |
| 19:08 | Unholy Strength |
| 20:03 | Meat Wagon |
| 20:08 | Frost Wyrm |
| 20:09 | Improved Unholy Strength |
| 20:50 | Frost Wyrm |
| 20:54 | Abomination |
| 21:24 | Abomination |
| 21:29 | Nerubian Tower |
| 21:35 | Ghoul Frenzy |
| 22:13 | Meat Wagon |
| 22:25 | Temple of the Damned |
| 22:57 | Acolyte |
| 24:16 | Abomination |
| Right click | 659 |
| Select | 291 |
| Build/train/purchase | 64 |
| Misc. action | 21 |
| Use ability | 17 |
| Chat | 7 |
| Minimap ping | 3 |
| Remove unit | 2 |


| Healing Salve | 2 | 200 |
| Tiny Great Hall | 1 | 600 |
| total: | 3 | 800g |
| Peon | 16 | 1200 | / | 0 |
| Grunt | 6 | 1200 | / | 0 |
| Troll Headhunter | 4 | 560 | / | 80 |
| Demolisher | 3 | 660 | / | 150 |
| Troll Witch Doctor | 3 | 435 | / | 75 |
| Raider | 4 | 720 | / | 160 |
| Troll Batrider | 3 | 480 | / | 120 |
| Frost Wyrm | 5 | 1925 | / | 600 |
| total: | 44 | 7180g | / | 1185w |
| Watch Tower | 2 | 220 | / | 160 |
| Altar of Storms | 1 | 180 | / | 50 |
| Orc Burrow | 7 | 1120 | / | 280 |
| Barracks | 2 | 360 | / | 100 |
| War Mill | 2 | 410 | / | 0 |
| Voodoo Lounge | 1 | 130 | / | 30 |
| Spirit Lodge | 2 | 300 | / | 300 |
| Beastiary | 3 | 435 | / | 420 |
| Stronghold | 1 | 315 | / | 190 |
| Fortress | 1 | 325 | / | 190 |
| total: | 20 | 3155g | / | 1340w |
| 0:05 | Peon |
| 0:06 | Peon |
| 0:23 | Altar of Storms |
| 0:27 | Orc Burrow |
| 0:38 | Peon |
| 0:51 | Peon |
| 0:56 | Barracks |
| 1:19 | Peon |
| 1:19 | Peon |
| 1:49 | Orc Burrow |
| 1:53 | Peon |
| 1:59 | Grunt |
| 2:29 | Wind Walk |
| 2:45 | Grunt |
| 2:47 | Barracks |
| 2:54 | Orc Burrow |
| 3:27 | Grunt |
| 3:32 | War Mill |
| 3:49 | Voodoo Lounge |
| 3:57 | Grunt |
| 4:49 | Troll Headhunter |
| 5:02 | Troll Headhunter |
| 5:16 | Steel Armor |
| 5:19 | Stronghold |
| 5:39 | Thorium Armor |
| 6:01 | Critical Strike |
| 7:04 | Wind Walk |
| 7:22 | Grunt |
| 7:27 | Steel Ranged Weapons |
| 7:36 | Healing Salve |
| 7:54 | Berserker Strength |
| 7:55 | Troll Regeneration |
| 9:53 | Critical Strike |
| 10:01 | Steel Melee Weapons |
| 10:05 | Fortress |
| 10:08 | Orc Burrow |
| 10:10 | Orc Burrow |
| 11:13 | Troll Headhunter |
| 11:16 | Healing Salve |
| 12:06 | Troll Headhunter |
| 12:11 | Thorium Melee Weapons |
| 12:28 | Berserker Upgrade |
| 13:43 | Arcanite Melee Weapons |
| 13:48 | Grunt |
| 13:53 | Spirit Lodge |
| 13:55 | Spirit Lodge |
| 15:11 | Burning Oil |
| 15:17 | Endurance Aura |
| 15:20 | Tiny Great Hall |
| 15:42 | Demolisher |
| 16:05 | Peon |
| 16:06 | Peon |
| 16:06 | Peon |
| 16:06 | Peon |
| 16:09 | Demolisher |
| 16:11 | Troll Witch Doctor |
| 16:20 | Shaman Adept Training |
| 16:44 | Arcanite Armor |
| 17:01 | Orc Burrow |
| 17:02 | Orc Burrow |
| 18:39 | Wind Walk |
| 19:28 | Demolisher |
| 20:20 | Shaman Master Training |
| 20:21 | Troll Witch Doctor |
| 21:50 | Peon |
| 21:51 | Peon |
| 21:51 | Peon |
| 21:51 | Peon |
| 21:52 | Peon |
| 22:38 | Pillage |
| 22:44 | Beastiary |
| 22:45 | Beastiary |
| 23:52 | Raider |
| 23:52 | Raider |
| 23:52 | Raider |
| 23:53 | Raider |
| 23:58 | Beastiary |
| 24:47 | Watch Tower |
| 24:48 | Watch Tower |
| 25:11 | War Mill |
| 25:30 | Frost Wyrm |
| 25:30 | Frost Wyrm |
| 25:30 | Frost Wyrm |
| 25:30 | Frost Wyrm |
| 25:30 | Frost Wyrm |
| 26:11 | Liquid Fire |
| 27:32 | Troll Batrider |
| 27:32 | Troll Batrider |
| 27:34 | Troll Batrider |
| 28:10 | Troll Witch Doctor |
| Right click | 631 |
| Select | 409 |
| Build/train/purchase | 92 |
| Select group | 16 |
| Misc. action | 13 |
| Use ability | 13 |
| Assign group | 5 |
| Remove unit | 2 |


| Rod of Necromancy | 2 | 300 |
| Potion of Healing | 4 | 600 |
| Potion of Mana | 2 | 400 |
| Orb of Corruption | 1 | 375 |
| Dust of Appearance | 1 | 75 |
| Scroll of Town Portal | 2 | 700 |
| Scroll of Healing | 2 | 500 |
| Potion of Lesser Invulnerability | 1 | 150 |
| total: | 15 | 3100g |
| Acolyte | 13 | 975 | / | 0 |
| Ghoul | 2 | 240 | / | 0 |
| Crypt Fiend | 5 | 1075 | / | 200 |
| Obsidian Statue | 1 | 200 | / | 35 |
| Frost Wyrm | 14 | 5390 | / | 1680 |
| total: | 35 | 7880g | / | 1915w |
| Nerubian Tower | 1 | 100 | / | 20 |
| Spirit Tower | 1 | 145 | / | 40 |
| Graveyard | 1 | 215 | / | 0 |
| Ziggurat | 10 | 1500 | / | 500 |
| Crypt | 2 | 400 | / | 100 |
| Altar of Darkness | 1 | 180 | / | 50 |
| Tomb of Relics | 1 | 130 | / | 30 |
| Necropolis | 1 | 225 | / | 0 |
| Slaughterhouse | 2 | 280 | / | 270 |
| Sacrificial Pit | 1 | 75 | / | 150 |
| Boneyard | 2 | 350 | / | 400 |
| Halls of the Dead | 1 | 320 | / | 210 |
| Black Citadel | 1 | 325 | / | 230 |
| total: | 21 | 3355g | / | 1500w |
| 0:23 | Acolyte |
| 0:23 | Acolyte |
| 0:33 | Graveyard |
| 0:41 | Ziggurat |
| 1:01 | Crypt |
| 1:26 | Altar of Darkness |
| 1:54 | Ziggurat |
| 2:03 | Ghoul |
| 2:19 | Tomb of Relics |
| 2:24 | Ghoul |
| 2:30 | Nerubian Tower |
| 2:59 | Acolyte |
| 3:00 | Acolyte |
| 3:21 | Ziggurat |
| 3:35 | Rod of Necromancy |
| 3:42 | Death Coil |
| 4:07 | Crypt Fiend |
| 4:29 | Crypt Fiend |
| 4:56 | Crypt Fiend |
| 5:24 | Halls of the Dead |
| 5:28 | Rod of Necromancy |
| 5:31 | Dust of Appearance |
| 6:14 | Crypt Fiend |
| 6:18 | Unholy Aura |
| 7:33 | Death Coil |
| 7:51 | Web |
| 8:13 | Creature Attack |
| 8:53 | Black Citadel |
| 8:58 | Crypt |
| 9:04 | Ziggurat |
| 9:08 | Scroll of Town Portal |
| 9:09 | Potion of Healing |
| 9:36 | Slaughterhouse |
| 9:42 | Slaughterhouse |
| 9:55 | Frost Armor |
| 10:27 | Potion of Lesser Invulnerability |
| 10:38 | Sacrificial Pit |
| 10:43 | Obsidian Statue |
| 11:56 | Crypt Fiend |
| 12:06 | Unholy Aura |
| 12:12 | Frost Nova |
| 12:23 | Boneyard |
| 12:24 | Boneyard |
| 13:20 | Ziggurat |
| 13:22 | Ziggurat |
| 14:00 | Frost Nova |
| 14:16 | Frost Wyrm |
| 14:44 | Improved Creature Attack |
| 16:35 | Frost Wyrm |
| 16:39 | Freezing Breath |
| 17:30 | Frost Wyrm |
| 19:20 | Frost Wyrm |
| 19:24 | Death Coil |
| 20:02 | Acolyte |
| 20:11 | Frost Wyrm |
| 20:20 | Potion of Mana |
| 20:26 | Potion of Healing |
| 20:28 | Orb of Corruption |
| 20:46 | Necropolis |
| 22:19 | Ziggurat |
| 22:20 | Ziggurat |
| 22:21 | Ziggurat |
| 22:22 | Ziggurat |
| 22:25 | Acolyte |
| 22:25 | Acolyte |
| 23:16 | Frost Wyrm |
| 23:49 | Spirit Tower |
| 23:51 | Acolyte |
| 24:20 | Frost Wyrm |
| 24:32 | Potion of Mana |
| 25:03 | Acolyte |
| 25:03 | Acolyte |
| 25:03 | Acolyte |
| 25:40 | Frost Armor |
| 25:49 | Acolyte |
| 25:54 | Frost Wyrm |
| 26:09 | Frost Wyrm |
| 26:29 | Acolyte |
| 26:44 | Creature Carapace |
| 27:08 | Frost Wyrm |
| 27:26 | Frost Wyrm |
| 28:09 | Frost Wyrm |
| 29:03 | Frost Wyrm |
| 29:12 | Scroll of Town Portal |
| 29:38 | Advanced Creature Attack |
| 29:44 | Potion of Healing |
| 29:50 | Scroll of Healing |
| 29:50 | Scroll of Healing |
| 32:54 | Potion of Healing |
| 33:07 | Frost Wyrm |
| Right click | 2041 |
| Select group | 618 |
| Select | 389 |
| Misc. action | 147 |
| Build/train/purchase | 104 |
| Use ability | 47 |
| Assign group | 33 |
| Chat | 23 |
| Item give/drop | 4 |
| Esc | 2 |



| Scroll of Regeneration | 2 | 200 |
| Potion of Healing | 1 | 150 |
| Scroll of Town Portal | 2 | 700 |
| total: | 5 | 1050g |
| Peasant | 9 | 675 | / | 0 |
| Footman | 6 | 810 | / | 0 |
| Rifleman | 12 | 2460 | / | 360 |
| Spell Breaker | 6 | 1290 | / | 180 |
| Knight | 6 | 1470 | / | 360 |
| Flying Machine | 1 | 100 | / | 30 |
| Mortar Team | 6 | 1080 | / | 420 |
| Priest | 6 | 810 | / | 60 |
| Sorceress | 6 | 930 | / | 120 |
| Crypt Fiend | 15 | 3225 | / | 600 |
| Abomination | 9 | 2160 | / | 630 |
| total: | 82 | 15010g | / | 2760w |
| Scout Tower | 8 | 240 | / | 160 |
| Guard Tower | 1 | 70 | / | 50 |
| Arcane Tower | 1 | 70 | / | 50 |
| Altar of Kings | 1 | 180 | / | 50 |
| Farm | 15 | 1200 | / | 300 |
| Lumber Mill | 1 | 120 | / | 0 |
| Barracks | 1 | 160 | / | 60 |
| Blacksmith | 1 | 140 | / | 60 |
| Arcane Vault | 1 | 130 | / | 30 |
| Town Hall | 1 | 385 | / | 205 |
| Arcane Sanctum | 1 | 150 | / | 140 |
| Workshop | 1 | 140 | / | 140 |
| Gryphon Aviary | 1 | 140 | / | 150 |
| Keep | 1 | 320 | / | 210 |
| Castle | 1 | 360 | / | 210 |
| Spirit Tower | 2 | 290 | / | 80 |
| total: | 32 | 2985g | / | 1295w |
| 0:21 | Peasant |
| 0:22 | Peasant |
| 0:22 | Peasant |
| 0:22 | Peasant |
| 0:23 | Peasant |
| 0:32 | Altar of Kings |
| 1:08 | Farm |
| 1:17 | Farm |
| 1:19 | Farm |
| 1:23 | Farm |
| 1:24 | Farm |
| 1:38 | Farm |
| 1:40 | Farm |
| 1:41 | Farm |
| 1:43 | Farm |
| 2:27 | Lumber Mill |
| 2:51 | Peasant |
| 2:53 | Peasant |
| 2:55 | Peasant |
| 2:57 | Peasant |
| 3:01 | Barracks |
| 3:40 | Farm |
| 3:41 | Farm |
| 3:45 | Farm |
| 3:46 | Farm |
| 3:47 | Farm |
| 3:48 | Farm |
| 5:13 | Footman |
| 5:13 | Footman |
| 5:13 | Footman |
| 5:14 | Defend |
| 5:24 | Blacksmith |
| 6:00 | Holy Light |
| 6:08 | Rifleman |
| 6:08 | Rifleman |
| 6:09 | Rifleman |
| 6:22 | Arcane Vault |
| 7:46 | Scout Tower |
| 7:51 | Scout Tower |
| 7:53 | Scout Tower |
| 7:54 | Scout Tower |
| 7:56 | Scout Tower |
| 7:58 | Scout Tower |
| 8:07 | Scout Tower |
| 8:15 | Scout Tower |
| 8:22 | Keep |
| 9:37 | Improved Masonry |
| 9:39 | Iron Forged Swords |
| 9:39 | Iron Plating |
| 9:40 | Studded Leather Armor |
| 9:40 | Black Gunpowder |
| 10:02 | Scroll of Regeneration |
| 10:57 | Guard Tower |
| 12:02 | Arcane Tower |
| 12:17 | Long Rifles |
| 12:18 | Footman |
| 12:18 | Footman |
| 12:18 | Footman |
| 12:19 | Rifleman |
| 12:19 | Rifleman |
| 12:19 | Rifleman |
| 12:27 | Improved Lumber Harvesting |
| 12:33 | Potion of Healing |
| 13:01 | Arcane Sanctum |
| 13:10 | Rifleman |
| 13:40 | Control Magic |
| 13:42 | Magic Sentry |
| 13:47 | Spell Breaker |
| 13:48 | Spell Breaker |
| 13:48 | Spell Breaker |
| 14:32 | Flame Strike |
| 14:39 | Rifleman |
| 15:05 | Workshop |
| 16:43 | Devotion Aura |
| 16:56 | Castle |
| 17:02 | Gryphon Aviary |
| 17:52 | Advanced Masonry |
| 17:57 | Steel Forged Swords |
| 18:52 | Rifleman |
| 19:07 | Scroll of Regeneration |
| 19:17 | Banish |
| 19:23 | Steel Plating |
| 19:24 | Reinforced Leather Armor |
| 21:43 | Knight |
| 21:43 | Knight |
| 21:44 | Knight |
| 21:47 | Animal War Training |
| 21:48 | Sundering Blades |
| 22:47 | Flying Machine |
| 23:00 | Advanced Lumber Harvesting |
| 23:25 | Summon Lava Spawn |
| 23:56 | Mortar Team |
| 23:57 | Mortar Team |
| 23:57 | Mortar Team |
| 24:02 | Priest |
| 24:02 | Priest |
| 24:03 | Priest |
| 24:03 | Sorceress |
| 24:03 | Sorceress |
| 24:04 | Sorceress |
| 24:05 | Sorceress Adept Training |
| 24:05 | Priest Adept Training |
| 24:08 | Priest Master Training |
| 24:18 | Sorceress Master Training |
| 24:24 | Cloud |
| 24:24 | Storm Hammers |
| 24:39 | Scroll of Town Portal |
| 26:59 | Rifleman |
| 26:59 | Rifleman |
| 26:59 | Rifleman |
| 27:00 | Knight |
| 27:00 | Knight |
| 27:01 | Knight |
| 27:04 | Spell Breaker |
| 27:05 | Spell Breaker |
| 27:05 | Spell Breaker |
| 30:33 | Fragmentation Shards |
| 30:36 | Mortar Team |
| 30:36 | Mortar Team |
| 30:36 | Mortar Team |
| 31:40 | Town Hall |
| 33:03 | Sorceress |
| 33:03 | Sorceress |
| 33:03 | Sorceress |
| 33:04 | Priest |
| 33:04 | Priest |
| 33:04 | Priest |
| 33:56 | Scroll of Town Portal |
| 34:03 | Spirit Tower |
| 34:41 | Spirit Tower |
| 34:59 | Crypt Fiend |
| 34:59 | Crypt Fiend |
| 34:59 | Crypt Fiend |
| 34:59 | Crypt Fiend |
| 35:08 | Crypt Fiend |
| 35:08 | Crypt Fiend |
| 35:08 | Crypt Fiend |
| 35:08 | Crypt Fiend |
| 35:08 | Crypt Fiend |
| 35:08 | Crypt Fiend |
| 35:08 | Crypt Fiend |
| 35:09 | Crypt Fiend |
| 35:09 | Crypt Fiend |
| 35:09 | Crypt Fiend |
| 35:09 | Crypt Fiend |
| 35:18 | Abomination |
| 35:18 | Abomination |
| 35:18 | Abomination |
| 35:18 | Abomination |
| 35:18 | Abomination |
| 35:18 | Abomination |
| 35:19 | Abomination |
| 35:19 | Abomination |
| 35:19 | Abomination |
| Right click | 375 |
| Select | 336 |
| Build/train/purchase | 144 |
| Select group | 61 |
| Remove unit | 25 |
| Use ability | 15 |
| Assign group | 6 |
| Misc. action | 5 |